 Dungeon Crawl Stone Soup version 0.18-a0-1720-g8df8b1a (webtiles) character file.

43 Eucla the Poker (level 3, 0/28 HPs)
             Began as a Merfolk Skald on Apr 9, 2016.
             Succumbed to a gnoll's poison
             ... on level 2 of the Dungeon.
             The game lasted 00:02:42 (1531 turns).

Eucla the Poker (Merfolk Skald)                     Turns: 1531, Time: 00:02:42

Health: 0/28       AC:  4    Str: 13    XL:     3   Next: 58%
Magic:  6/6        EV: 12    Int: 16    God:
Gold:   101        SH:  0    Dex: 13    Spells: 2 memorised, 2 levels left

rFire  . . .     SeeInvis .     a - +0 spear
rCold  . . .     Gourm    .     b - +0 leather armour
rNeg   . . .     Faith    .     (no shield)
rPois  .         Spirit   .     (no helmet)
rElec  .         Dismiss  .     g - +0 cloak
rCorr  .         Reflect  .     (no gloves)
SustAt .         Harm     .     (no boots)
MR     .....                    (no amulet)
Stlth  +.........               (no ring)
                                (no ring)

@: brilliant, lethally poisoned (0 -> -7), very slightly contaminated, hasted,
invisible, very quick, not resistant to hostile enchantments, very unstealthy
A: change form in water, swift swim
a: no special abilities


You were on level 2 of the Dungeon.
You were not hungry.

You visited 1 branch of the dungeon, and saw 2 of its levels.

You collected 101 gold pieces.

Inventory:

Hand Weapons
 a - a +0 spear (weapon)
Armour
 b - a +0 leather armour (worn)
 g - a +0 cloak (worn)
Scrolls
 e - 3 scrolls of identify {unknown}
 f - a scroll of random uselessness {unknown}
 h - a scroll of fear {unknown}
 i - a scroll of blinking {unknown}
 j - a scroll of recharging {unknown}
 k - a scroll of remove curse {unknown}
 l - a scroll of teleportation {unknown}
Books
 c - a book of Battle

   Spells                             Type                      Level
   a - Infusion                       Charms                       1
   b - Shroud of Golubria             Charms/Translocation         2
   c - Song of Slaying                Charms                       2
   d - Spectral Weapon                Hexes/Charms                 3
   e - Regeneration                   Charms/Necromancy            3
Comestibles
 d - a bread ration
 o - a meat ration


   Skills:
 - Level 2.5 Fighting
 * Level 4.4 Polearms
 - Level 1.2 Armour
 - Level 1.7 Dodging
 - Level 2.0 Spellcasting
 + Level 0.2 Hexes
 + Level 3.4 Charms


You had 2 spell levels left.
You knew the following spells:

 Your Spells              Type           Power        Failure   Level  Hunger
a - Infusion              Chrm           ###.         1%          1    #......
b - Spectral Weapon       Hex/Chrm       ###.....     5%          3    ###....


Dungeon Overview and Level Annotations

Branches:
Dungeon (2/15)

Altars:
Cheibriados
Ru


Message History

You strike the helpless gnoll from behind!
You hit the gnoll.
The gnoll is heavily wounded.
* * * LOW HITPOINT WARNING * * *
You feel sick. The gnoll misses you. The gnoll barely misses you.
Unknown command.
You barely miss the gnoll.
The gnoll is heavily wounded.
Unknown command.
* * * LOW HITPOINT WARNING * * *
You feel sick.
Found a snail-covered altar of Cheibriados.
A rat comes into view.
Unknown command.
* * * LOW HITPOINT WARNING * * *
You feel sick.
Unknown command.
Unknown command.
A giant newt comes into view.
You die...

#.........#
#...#..?..# ..
#..gl.....#
#...##.g...#
......l.##g#
#.#.###J##.#
#.##.#
.###.##.#######
.......@.......
.#####.........
#......r...
#.#..._.....
...##........
... #........
.... .........
... .l.....%.
###


You could see a gnoll, a giant gecko, a giant newt (sleeping) and a rat
(wandering).

Vanquished Creatures
  A gnoll (D:1)
  A dart slug (D:1)
  2 giant geckos (D:1)
  A giant cockroach (D:1)
  3 goblins
  6 hobgoblins
  4 kobolds (D:1)
  4 bats
  A giant newt (D:1)
  4 rats
27 creatures vanquished.

Notes
Turn   | Place    | Note
--------------------------------------------------------------
     0 | D:1      | Eucla the Merfolk Skald began the quest for the Orb.
     0 | D:1      | Reached XP level 1. HP: 16/16 MP: 3/3
   287 | D:1      | Reached XP level 2. HP: 17/23 MP: 5/5
   397 | D:1      | Reached skill level 4 in Polearms
   447 | D:1      | Reached skill level 1 in Armour
   931 | D:1      | Reached XP level 3. HP: 26/28 MP: 6/6
  1184 | D:2      | Learned a level 3 spell: Spectral Weapon
  1341 | D:2      | Found a sacrificial altar of Ru.
  1527 | D:2      | Found a snail-covered altar of Cheibriados.
  1529 | D:2      | HP: 1/28 [poisoned by a gnoll]
  1531 | D:2      | Succumbed to a gnoll's poison

Vault maps used:
D:1:      dpeg_arrival_water_fire, minivault_23
D:2:      lemuel_coloured_pillars_altar, overflow_temple_1_default

Skill      XL: |  1  2 |
---------------+-------+-----
Polearms       | 4 |  4.4
Armour         | 1 |  1.2
Fighting       | |  2.5
Dodging        | |  1.7
Spellcasting   | |  2.0
Hexes          | |  0.2
Charms         | |  3.4

Action                   || total
-------------------------++-------
Melee: Spear             ||   160
 Cast: Infusion          ||     1
  Use: Potion            ||     4
 Stab: Sleeping          ||     1
       Invisible         ||     1
  Eat: Bread ration      ||     1
